 Seeded DCSS version 0.30.1 (webtiles) character file.

Game seed: 7229806256980976716 (custom seed)

1535 McKennaii the Digger (level 8, -3/57 HPs)
             Began as a Demigod Earth Elementalist on July 13, 2023.
             Slain by a gnoll
             ... wielding a +0 club
             ... led by a gnoll bouda
              (5 damage)
             ... on level 5 of the Dungeon.
             The game lasted 00:04:02 (4918 turns).

McKennaii the Digger (Demigod Earth Elementalist)   Turns: 4918, Time: 00:04:03

Health: -3/57      AC:  6    Str:  9    XL:     8   Next: 30%
Magic:  17/21      EV: 12    Int: 25    God:
Gold:   1150       SH:  5    Dex: 14    Spells: 16/20 levels left

rFire   + . .        f - +3 Elemental Staff {rElec rF+ rC+ AC+3}
rCold   . . .        (no shield)
rNeg    + . .        a - +0 robe
rPois   +            (no helmet)
rElec   +            (no cloak)
rCorr   .            q - +0 pair of gloves
SInv    .            (no boots)
Will    .....        e - amulet of Xaj Rinunwe {Reflect rPois rC- rN+ SH+5}
Stlth   ++           (no ring)
HPRegen 0.29/turn    (no ring)
MPRegen 0.17/turn

%: reflection
@: no status effects
A: high MP 1, forlorn, divine attributes
a: no special abilities


You were on level 5 of the Dungeon.
You visited 1 branch of the dungeon, and saw 6 of its levels.
You also visited: Ossuary.

You collected 1150 gold pieces.

Inventory:

Hand Weapons
 f - the +3 Elemental Staff (weapon) {rElec rF+ rC+ AC+3}
   (You acquired it on level 1 of the Dungeon)

   It enhances your fire, ice, earth and air magic.
   AC:        It affects your AC (+3).
   rF:        It protects you from fire.
   rC:        It protects you from cold.
   rElec:     It insulates you from electricity.
Missiles
 c - a throwing net
Armour
 a - a +0 robe (worn)
 q - a +0 pair of gloves (worn)
Jewellery
 e - the amulet of Xaj Rinunwe (around neck) {Reflect rPois rC- rN+ SH+5}
   (You acquired it on level 1 of the Dungeon)

   [amulet of reflection]

   It reflects blocked missile attacks.
   rC:        It makes you vulnerable to cold.
   rPois:     It protects you from poison.
   rN:        It protects you from negative energy.
   SH:        It affects your SH (+5).
Scrolls
 d - 3 scrolls of amnesia {unknown}
 g - a scroll of teleportation {unknown}
 h - 2 scrolls of enchant armour {unknown}
 k - 2 scrolls of blinking {unknown}
 l - 8 scrolls of identify {unknown}
 p - 2 scrolls of poison {unknown}
 s - 3 scrolls of vulnerability {unknown}
 u - 2 scrolls of magic mapping {unknown}
 w - a scroll of fog {unknown}
 y - 2 scrolls of silence {unknown}
 A - a scroll of butterflies {unknown}
 D - a scroll of brand weapon {unknown}
 G - a scroll of torment {unknown}
Potions
 b - a potion of magic
 i - 3 potions of might {unknown}
 j - 2 potions of mutation {unknown}
 m - 2 potions of brilliance {unknown}
 n - a potion of invisibility {unknown}
 o - 5 potions of curing {unknown}
 r - 2 potions of cancellation {unknown}
 t - 4 potions of attraction {unknown}
 v - a potion of degeneration {unknown}
 x - a potion of ambrosia {unknown}
 z - a potion of berserk rage {unknown}
 B - 2 potions of flight {unknown}
 C - a potion of heal wounds {unknown}
 E - 2 potions of lignification {unknown}
 F - a potion of haste {unknown}


   Skills:
 - Level 1.7 Dodging
 - Level 1.7 Stealth
 + Level 6.6 Spellcasting
 + Level 2.6 Conjurations
 - Level 0.8 Transmutations
 - Level 6.9 Earth Magic


You had 16 spell levels left.
You knew the following spells:

 Your Spells              Type           Power      Damage    Failure   Level
a - Sandblast             Erth           100%       2d20      1%          1
d - Stone Arrow           Conj/Erth      96%        3d13      3%          3

Your spell library contained the following spells:

 Spells                   Type           Power      Damage    Failure   Level
 Passwall                 Tmut/Erth      34%        N/A       2%          2
 Cigotuvi's Dreadful Rot  Necr/Pois/Air  24%        N/A       11%         2
 Poisonous Vapours        Pois/Air       24%        N/A       11%         2
 Mephitic Cloud           Conj/Pois/Air  18%        N/A       14%         3
 Petrify                  Tmut/Erth      41%        N/A       14%         4
 Dispel Undead            Necr           8%         3d8       56%         4
 Freezing Cloud           Conj/Ice/Air   14%        6-21      80%         5
 Death Channel            Necr           4%         N/A       100%        6


Dungeon Overview and Level Annotations

Branches:
Dungeon (6/15)             Temple (0/1) D:4         Ossuary (visited)

Annotations:
D:3 3 runed translucent doors, engelados's ghost, weakling DgCj


Innate Abilities, Weirdness & Mutations

You have an increased reservoir of magic. (+10% MP)
You shall have no god before yourself.
Your divine heritage dramatically boosts your attributes as you level up.


Message History

You climb upwards.
There is a stone staircase leading down here.
Unknown command.
You feel a surge of power!
The blast of sand hits the gnoll!
The gnoll is severely wounded.
The gnoll barely misses you. The gnoll hits you but does no damage.
The gnoll barely misses you. The gnoll hits you with a +0 whip.
You feel a surge of power!
The blast of sand misses the gnoll.
The gnoll is no longer moving quickly.
The gnoll closely misses you. The gnoll hits you but does no damage.
The gnoll hits you with a +0 whip. The gnoll hits you with a +0 club. x2
You are too injured to fight recklessly!
Unknown command.
You are too injured to fight recklessly!
You are too injured to fight recklessly!
Unknown command.
The gnoll attacks as you move away! The gnoll hits you with a +0 club.
* * * LOW HITPOINT WARNING * * *
The gnoll is no longer moving quickly.
The gnoll hits you with a +0 club!
* * * LOW HITPOINT WARNING * * *
The gnoll attacks as you move away! The gnoll misses you.
The gnoll attacks as you move away! The gnoll hits you but does no damage.
The gnoll attacks as you move away! The gnoll hits you but does no damage.
The gnoll attacks as you move away! You block the gnoll's attack.
The gnoll is no longer moving quickly.
The gnoll attacks as you move away! The gnoll hits you with a +0 club.
* * * LOW HITPOINT WARNING * * *
The gnoll attacks as you move away! The gnoll hits you with a +0 club.
* * * LOW HITPOINT WARNING * * *
The gnoll attacks as you move away! The gnoll hits you with a +0 club.
* * * LOW HITPOINT WARNING * * *
Casting: Sandblast (safe; 1% risk of failure)
Confirm with . or Enter, or press ? or * to list all spells.
Aiming: Stone Arrow (dangerous; 3% risk of failure)
Press: ? - help, Shift-Dir - straight line, f/p - gnoll
Aim: a gnoll, wielding a +0 whip (severely wounded, 79% to hit)
You feel a surge of power!
The stone arrow hits the gnoll!
The gnoll is severely wounded.
The gnoll hits you with a +0 club.
You die...

..####.##)#..............#
..####..#.#........#######
........#.##...........#
..####..#..............#
.......................#
.......................#
..............>........#
#....#+##......#.#######
#....#.##......#@#
.....#.##.######g#
...###.........gg#
.....#...........#
..........>......#
.....#...........#
#.##.............##
..................#
..................#


You could see 3 gnolls.

Vanquished Creatures
  A black bear (D:6)
  2 hornet zombies (Ossuary)
  2 scorpions
  2 wyvern zombies (Ossuary)
  2 water moccasin zombies (Ossuary)
  3 electric eels (D:6)
  3 bullfrog zombies (Ossuary)
  2 centaur zombies (Ossuary)
  A jelly (D:2)
  An orc priest (D:5)
  A sleepcap (D:4)
  3 killer bee zombies (Ossuary)
  16 mummies
  2 howler monkey zombies (Ossuary)
  7 adders
  2 gnolls (D:6)
  A shadow imp (D:5)
  An ufetubus (D:3)
  3 worms
  3 orcs (D:5)
  4 endoplasms
  6 giant cockroaches
  4 goblins
  8 hobgoblins
  20 jackals
  A kobold (D:4)
  4 quokkas
  6 ball pythons
  5 bats
  A frilled lizard (D:1)
  A goblin zombie (D:4)
  An orc zombie (D:4)
  4 rats
123 creatures vanquished.

Notes
Turn   | Place    | Note
-------+----------+-------------------------------------------
     0 | D:1      | McKennaii the Demigod Earth Elementalist began the quest
                  | for the Orb.
     0 | D:1      | Reached XP level 1. HP: 14/14 MP: 5/5
    86 | D:1      | Identified 3 scrolls of acquirement
    86 | D:1      | Acquired the +3 Elemental Staff {rElec rF+ rC+ AC+3}
    86 | D:1      | Found the +3 Elemental Staff {rElec rF+ rC+ AC+3}
    89 | D:1      | Acquired 911 gold pieces
    91 | D:1      | Acquired the amulet of Xaj Rinunwe {Reflect rPois rC- rN+
                  | SH+5}
   204 | D:1      | Reached XP level 2. HP: 20/20 MP: 3/7
  1022 | D:2      | Reached XP level 3. HP: 26/26 MP: 3/9
  1560 | D:2      | Reached XP level 4. HP: 33/33 MP: 9/11
  1970 | D:3      | Found a runed translucent gate.
  1970 | D:3      | Found a runed translucent gate.
  1970 | D:3      | Found a runed translucent gate.
  1978 | D:3      | Noticed engelados's ghost (weakling DgCj)
  2559 | D:3      | Learned a level 3 spell: Stone Arrow
  2598 | D:4      | Reached XP level 5. HP: 31/38 MP: 7/13
  2764 | D:4      | Found a sand-covered staircase.
  2770 | Ossuary  | Entered an ossuary
  2787 | Ossuary  | Reached XP level 6. HP: 37/45 MP: 9/15
  2794 | Ossuary  | Reached skill level 5 in Earth Magic
  2987 | Ossuary  | Reached XP level 7. HP: 42/50 MP: 13/17
  3008 | Ossuary  | Reached skill level 5 in Spellcasting
  3663 | D:4      | Found a staircase to the Ecumenical Temple.
  3674 | D:4      | Reached XP level 8. HP: 57/57 MP: 18/20
  4158 | D:5      | Entered Level 5 of the Dungeon
  4256 | D:5      | Reached skill level 1 in Conjurations
  4916 | D:5      | HP: 1/57 [gnoll/+0 club[a gnoll bouda] (3)]
  4918 | D:5      | Slain by a gnoll

Illustrated notes

Levels and vault maps discovered:
D:1:      spicycebolla_arrival_ecumenical, layout_loops_ring
D:2:      layout_basic
D:3:      layout_rooms, mainiacjoe_overflow_paths, gammafunk_ghost_necromancy
D:4:      layout_rooms, tso_metal_star, mainiacjoe_overflow_catwalk,
          elyvilon_altar_5, minmay_temple_entry_stoned_glass,
          nicolae_ossuary_entry_giza, minmay_misc_feat_square, minivault_4
D:5:      layout_basic
D:6:      kennysheep_six_static_rooms, layout_basic, serial_shops,
          nicolae_shop_stone, serial_bayou_lagoon_b

Skill      XL: |  1  2  3  4  5  6  7  8 |
---------------+-------------------------+-----
Spellcasting   | 2 3 4 6 |  6.6
Earth Magic    | 3 4 5 6 |  6.9
Conjurations   | 2 |  2.6
Dodging        | |  1.7
Stealth        | |  1.7
Transmutations | |  0.8

Action                     |  1- 3 |  4- 6 |  7- 9 || total
---------------------------+-------+-------+-------++-------
  Melee: Staff             |    19 |    11 |    20 ||    50
         Punch             |     1 |       |       ||     1
   Cast: Sandblast         |    45 |    68 |    69 ||   182
         Stone Arrow       |       |       |     1 ||     1
    Use: Scroll            |     3 |       |       ||     3
 Armour: Robe              |    16 |    15 |    22 ||    53
  Dodge: Dodged            |    30 |    18 |    41 ||    89
  Block: Other             |    11 |    17 |    18 ||    46
